 Dungeon Crawl Stone Soup version 0.28-a0-906-g0406aca7d3 (webtiles) character file.

Game seed: 7480681660893403080

178714 ders the Devastator (level 18, -3/81 HPs)
             Began as a Gargoyle Earth Elementalist on Nov 23, 2021.
             Was a High Priest of Vehumet.
             Slain by a death scarab (13 damage)
             ... on level 4 of the Spider Nest on Nov 24, 2021.
             The game lasted 01:14:22 (45441 turns).

ders the Devastator (Gargoyle Earth Elementalist)  Turns: 45441, Time: 01:14:23

Health: -3/81      AC: 23    Str: 14    XL:     18   Next: 21%
Magic:  47/47      EV: 13    Int: 25    God:    Vehumet [*****.]
Gold:   2200       SH:  7    Dex: 10    Spells: 11/49 levels left

rFire   . . .      SeeInvis +   k - staff of earth
rCold   + . .      Faith    .   t - +3 buckler
rNeg    + . .      Spirit   .   Z - +0 robe {Archmagi}
rPois   ∞          Reflect  .   O - +2 hat {Int+3}
rElec   +          Harm     .   U - +2 cloak {rC+}
rCorr   .          Rampage  .   (no gloves)
Will    +....      Archmagi +   A - +2 pair of boots
Stlth   ++........              n - amulet of magic regeneration
HPRegen 0.23/turn               L - ring of see invisible
MPRegen 0.55/turn               Q - ring of magical power

@: on berserk cooldown, flying, slightly contaminated, slowed, invisible, unable
to read, very slow
A: sickness immunity, AC +13, big wings, negative energy resistance 1,
electricity resistance, torment resistance 1, petrification resistance, frail 1,
inability to read while threatened
a: Renounce Religion


You were on level 4 of the Spider Nest.
You worshipped Vehumet.
Vehumet was extremely pleased with you.
You visited 6 branches of the dungeon, and saw 30 of its levels.
You also visited: Ossuary and Ice Cave.

You collected 3400 gold pieces.
You spent 1200 gold pieces at shops.

Inventory:

Hand Weapons
 e - a +4 short sword of venom
Missiles
 c - 467 stones
Armour
 t - a +3 buckler (worn)
 A - a +2 pair of boots (worn)
 K - a +2 robe of resistance
 O - a +2 hat of intelligence (worn)
 U - a +2 cloak of cold resistance (worn)
 Z - a +0 robe of the Archmagi (worn)
Magical Staves
 k - a staff of earth (weapon)
Jewellery
 f - a +6 ring of intelligence
 l - a ring of magical power
 n - an amulet of magic regeneration (around neck)
 o - a ring of fire
 p - a ring of wizardry
 r - a ring of ice
 x - a ring of positive energy
 L - a ring of see invisible (left hand)
 P - a +6 ring of dexterity
 Q - a ring of magical power (right hand)
Scrolls
 b - a scroll of holy word
 d - 2 scrolls of teleportation
 g - 2 scrolls of fear
 i - 2 scrolls of enchant armour
 m - a scroll of silence
 u - 6 scrolls of identify
 y - 7 scrolls of enchant weapon
 C - a scroll of magic mapping
 J - a scroll of summoning {unknown}
 N - a scroll of torment {unknown}
 R - 7 scrolls of amnesia
 S - 2 scrolls of fog
Potions
 a - 13 potions of curing
 h - 5 potions of attraction
 j - 4 potions of resistance
 s - 2 potions of invisibility
 v - 2 potions of cancellation
 w - 3 potions of ambrosia
 z - a potion of brilliance
 D - 6 potions of haste
 E - 4 potions of flight
 I - 4 potions of lignification
 M - 3 potions of might
 T - 4 potions of mutation
 Y - a potion of magic
Miscellaneous
 B - a piece from Xom's chessboard (15/15)
 F - a phantom mirror
 G - a lightning rod (4/4)
 H - a tin of tremorstones (2/2)
 V - a box of beasts (inert)


   Skills:
 + Level 2.5 Fighting
 + Level 4.4 Dodging
 + Level 4.4 Stealth
 - Level 4.0 Shields
 + Level 16.1 Spellcasting
 + Level 18.8 Conjurations
 + Level 1.1 Summonings
 + Level 1.2 Transmutations
 + Level 9.0 Fire Magic
 + Level 18.7 Earth Magic
 * Level 8.9 Evocations


You had 11 spell levels left.
You knew the following spells:

 Your Spells              Type           Power      Damage    Failure   Level
a - Sandblast             Erth           100%       2d20      0%          1
b - Iron Shot             Conj/Erth      65%        9d12      1%          6
c - Petrify               Tmut/Erth      100%       N/A       1%          4
d - Fireball              Conj/Fire      47%        3d19      1%          5
e - Stone Arrow           Conj/Erth      100%       3d13      0%          3
f - Spellforged Servitor  Conj/Summ      40%        N/A       11%         7
g - Orb of Destruction    Conj           53%        9d16      1%          7
h - Irradiate             Conj/Tmut      40%        3d27      1%          5

Your spell library contained the following spells:

 Spells                   Type           Power      Damage    Failure   Level
 Lehudib's Crystal Spear  Conj/Erth      65%        10d15     2%          8
 Magic Dart               Conj           100%       1d8       0%          1
 Searing Ray              Conj           100%       2d8       0%          2
 Summon Small Mammal      Summ           100%       N/A       1%          1
 Passwall                 Tmut/Erth      85%        N/A       1%          2
 Static Discharge         Conj/Air       79%        N/A       1%          2
 Mephitic Cloud           Conj/Pois/Air  67%        N/A       1%          3
 Fulminant Prism          Conj/Hex       39%        3d18      1%          4
 Hailstorm                Conj/Ice       79%        3d16      1%          4
 Iskenderun's Mystic Bla  Conj/Tloc      79%        2d16      1%          4
 Iskenderun's Battlesphe  Conj           100%       2d15      1%          5
 Lee's Rapid Deconstruct  Erth           65%        3d31*     1%          5
 Lightning Bolt           Conj/Air       39%        1d58      1%          5
 Apportation              Tloc           60%        N/A       2%          1
 Pain                     Necr           100%       1d9       2%          1
 Call Imp                 Summ           38%        N/A       2%          2
 Wereblood                Tmut           39%        N/A       2%          2
 Conjure Ball Lightning   Conj/Air       39%        3x3d13    2%          6
 Call Canine Familiar     Summ           38%        N/A       4%          3
 Summon Guardian Golem    Hex/Summ       34%        N/A       6%          3
 Airstrike                Air            15%        N/A       7%          4
 Ice Form                 Ice/Tmut       34%        N/A       21%         4
 Summon Lightning Spire   Summ/Air       34%        N/A       21%         4
 Alistair's Intoxication  Tmut/Pois      22%        N/A       50%         5
 Summon Forest            Summ/Tloc      17%        N/A       50%         5
 Agony                    Necr           30%        N/A       58%         5
 Excruciating Wounds      Necr           15%        N/A       58%         5
 Eringya's Noxious Bog    Tmut/Pois      17%        N/A       58%         6
 Simulacrum               Ice/Necr       15%        N/A       99%         6
 Summon Hydra             Summ           19%        N/A       100%        7
 Maxwell's Capacitive Co  Air            15%        ∞         100%        8
 Sublimation of Blood     Necr           Unusable   N/A       N/A         2

Dungeon Overview and Level Annotations

Branches:
Dungeon (15/15)            Temple (1/1) D:7            Lair (6/6) D:10
 Shoals (0/4) Lair:2       Spider (4/4) Lair:4        Slime (0/5) Lair:5
    Orc (2/2) D:10            Elf (2/3) Orc:2        Vaults (0/5) D:13
 Depths (0/4) D:15        Ossuary (visited)           IceCv (visited)

Altars:
Ashenzari
Cheibriados
Dithmenos
Elyvilon
Fedhas
Gozag
Hepliaklqana
Kikubaaqudgha
Makhleb
Nemelex Xobeh
Okawaru
Qazlal
Ru
Sif Muna
Trog
Uskayaw
Vehumet
Wu Jian
Xom
Yredelemnul
Zin
The Shining One
Beogh
Jiyva

Shops:
D:4 [   D:7 :==   D:12 !   Orc:2 ?[=*(

Annotations:
D:11 1 runed translucent door


Innate Abilities, Weirdness & Mutations

You are immune to sickness and miasma.
Your stone body is resilient. (AC +13)
You are immune to poison.
Your large and strong wings let you fly.
You resist negative energy. (rN+)
You are resistant to electric shocks. (rElec)
You are resistant to unholy torment.
You are immune to petrification.
You are frail. (-10% HP)
You sometimes lose the ability to read scrolls when taking damage.


Message History

* * * LOW HITPOINT WARNING * * *
The spectral wolf spider bites you but does no damage.
The spectral wolf spider hits you but does no damage.
The spectral wolf spider barely misses you.
The death scarab barely misses you.
You cannot read scrolls in your current state!
Unknown command.
A red film seems to cover your vision as you go berserk!
You feel yourself moving faster!
You feel mighty! You block the death scarab's attack.
The death scarab barely misses you.
The death scarab is caught in a web!
The spectral wolf spider hits you but does no damage.
The spectral wolf spider bites you.
* * * LOW HITPOINT WARNING * * *
The spectral wolf spider hits you but does no damage.
The spectral wolf spider bites you but does no damage.
The death scarab struggles to get unstuck from the web.
The death scarab bites you!
* * * LOW HITPOINT WARNING * * *
The death scarab drains your vigour!
You feel as though you will be slow longer.
The spectral wolf spider hits you but does no damage.
The spectral wolf spider barely misses you.
The spectral wolf spider closely misses you.
The spectral wolf spider bites you but does no damage.
The death scarab pulls away from the web.
You feel a strong urge to attack something.
The death scarab misses you. The death scarab barely misses you.
The death scarab bites you but does no damage.
The hornet zombie evades a web.
The death scarab is caught in a web!
The death scarab pulls away from the web.
The death scarab misses you. You block the death scarab's attack.
The death scarab evades a web.
The spectral wolf spider misses you.
The spectral wolf spider bites you but does no damage.
The death scarab barely misses you.
You feel your anger nearly subside.
You are no longer berserk.
You are exhausted.
You feel as though you will be slow longer.
You block the death scarab's attack. The death scarab bites you!
You die...

#.≈≈#≈###≈## ......'..##...≈≈≈##
#.≈≈≈≈≈≈≈≈.# ^.....'..^#...≈≈≈≈≈
#..≈≈≈≈≈≈..# ......'...#...≈≈≈≈≈
#..≈≈≈≈≈≈≈≈# ......'...#^..≈≈≈##
#..#≈≈####≈# ......†B..#...#≈###
#..≈≈≈≈≈≈≈## #Z..#....≈###
#..^≈≈#≈≈..# #.^.#....^#.#
#.^...#≈.(.##########...#..#..#..
#...#^#.^...[..#@BZZZ..†#.....#.8
#.... #..#......B..ZB..##....##..
^...†#.........^..#....#.....#..
.....###################^.≈≈.#^8
#.....§Z§≈#≈≈≈.........^#≈≈≈≈#..
.....Z§≈§≈§§§............≈†≈≈#.^
...≈#≈§§.†§.#...#.≈≈≈..^.≈≈≈#.8
....≈≈≈§..........≈≈#≈≈...#..#..
.#..≈≈..#.......≈≈≈≈≈≈≈≈.....#^^


You could see 2 spectral wolf spiders, a spectral emperor scorpion, 3 death
scarabs and a hornet zombie.

Vanquished Creatures
  Arachne (Spider:4)
  Jorgrun (D:12)
  Mlioglotl (Spider:1)
  Gastronok (D:11)
  A deep elf sorcerer (Elf:1)
  An orc warlord (Orc:2)
  4 ghost moths
  7 emperor scorpions
  A very ugly thing (D:13)
  An entropy weaver (Spider:1)
  Azrael (D:12)
  A spark wasp (Spider:3)
  A fire dragon (D:13)
  An ettin (Orc:2)
  4 boulder beetles
  5 hydras
  2 ice dragons
  2 ironbound frosthearts (IceCv)
  A catoblepas (D:14)
  Erica (Lair:1)
  7 centaur warriors
  2 nameless horrors
  6 two-headed ogres
  2 death knights
  13 death yaks
  5 death scarabs (Spider:4)
  2 tengu warriors
  6 dancing weapons (Elf:1)
  Urug (Lair:1)
  2 orc high priests (Orc:2)
  Nergalle (D:11)
  6 deep elf knights (Elf:1)
  4 skeletal warriors (D:15)
  6 deep elf archers (Elf:1)
  A wizard (D:13)
  3 spectral wolf spiders (Spider:4)
  15 orb spiders
  A shining eye (shapeshifter) (D:14)
  14 deep elf pyromancers
  7 orc knights
  2 orc sorcerers
  2 wolf spider zombies (Spider:4)
  12 deep elf zephyrmancers (Elf:1)
  18 wolf spiders
  7 manticores
  A moth of wrath (Spider:4)
  15 ugly things
  4 cyclopes
  5 elephants
  A centaur zombie (D:10)
  An ice statue (IceCv)
  5 torpor snails
  4 black mambas
  A gargoyle (D:12)
  13 cane toads
  7 rime drakes
  Psyche (D:12)
  3 freezing wraiths (D:15)
  3 spectral redbacks (Spider:4)
  A kobold demonologist (D:7)
  3 redback zombies (Spider:4)
  15 komodo dragons
  11 demonic crawlers
  4 tengu conjurers
  A meliai (D:13)
  6 spectral tarantellas (Spider:4)
  27 jumping spiders
  2 spectral jumping spiders (Spider:4)
  23 polar bears
  3 hornets
  6 trolls
  A wind drake (Lair:2)
  A slime creature (D:13)
  3 raiju (Lair:6)
  A tarantella zombie (Spider:4)
  A meliai zombie (D:11)
  60 redbacks
  2 wraiths
  25 tarantellas
  48 yaks
  3 wyverns
  A yak (shapeshifter) (D:13)
  Eustachio (D:5)
  4 fire elementals (D:12)
  6 basilisks
  7 vampire mosquitoes
  A naga (shapeshifter) (D:14)
  15 wargs
  An acid dragon (D:12)
  A spectral hornet (Spider:4)
  13 water moccasins
  14 hell hounds
  25 orc warriors
  A swamp drake (D:10)
  2 sky beasts
  13 black bears
  A necrophage (D:5)
  6 ogres
  A phantom (D:4)
  48 wolves
  7 centaurs
  5 kobold brigands
  8 bullfrogs
  An earth elemental (Elf:1)
  A scorpion (D:6)
  2 wyvern zombies
  An elf zombie (D:8)
  2 elf skeletons (D:8)
  A gnoll sergeant (D:9)
  A water moccasin skeleton (D:4)
  The ghost of AmazingEquinox the Skirmisher, a weakling MiFi (D:3)
  3 killer bees (D:7)
  A howler monkey (D:12)
  5 orc priests
  2 centaur skeletons
  2 jellies (D:6)
  A bullfrog skeleton (D:6)
  A bullfrog zombie (D:4)
  A human zombie (D:8)
  5 iguanas
  17 orc wizards
  18 hell rats
  A polar bear simulacrum (Lair:1)
  2 killer bee zombies
  8 mummies (Ossuary)
  2 howler monkey zombies
  8 gnolls
  4 river rats
  6 adders
  A shadow imp (D:6)
  3 white imps (D:6)
  An ufetubus (D:5)
  2 worms
  2 dart slugs
  47 orcs
  3 ball pythons
  4 endoplasms
  3 giant cockroaches
  A gnoll zombie (Ossuary)
  7 goblins
  6 hobgoblins
  8 jackals
  A quokka (D:1)
  4 bats
  2 frilled lizards
  3 hobgoblin zombies (Ossuary)
  22 kobolds
  4 kobold zombies (Ossuary)
  An orc skeleton (D:8)
  An orc zombie (D:8)
  8 rats
  A spectral hobgoblin (D:11)
  A bush (Lair:5)
908 creatures vanquished.

Vanquished Creatures (collateral kills)
  A tengu conjurer (D:15)
  A demonic crawler (Spider:4)
  A hornet (Spider:4)
  A redback (Spider:4)
4 creatures vanquished.

Vanquished Creatures (others)
  A deep elf knight (Elf:1)
  74 fungi
  59 plants
134 creatures vanquished.

Grand Total: 1046 creatures vanquished

Notes
Turn   | Place    | Note
-------+----------+-------------------------------------------
     0 | D:1      | ders the Gargoyle Earth Elementalist began the quest for
                  | the Orb.
     0 | D:1      | Reached XP level 1. HP: 10/10 MP: 3/3
   276 | D:1      | Reached XP level 2. HP: 15/15 MP: 3/5
   324 | D:1      | Reached skill level 1 in Conjurations
   710 | D:1      | You fall into a shaft and drop 1 floor!
   774 | D:2      | Reached XP level 3. HP: 19/19 MP: 4/6
   778 | D:2      | Learned a level 3 spell: Stone Arrow
   832 | D:2      | Found a faded altar of an unknown god.
  1686 | D:2      | Reached XP level 4. HP: 11/24 MP: 3/8
  2196 | D:2      | Reached XP level 5. HP: 28/28 MP: 7/9
  2494 | D:3      | Found a runed translucent door.
  2498 | D:3      | Noticed AmazingEquinox's ghost (weakling MiFi)
  3327 | D:3      | Reached skill level 5 in Earth Magic
  3482 | D:3      | Killed AmazingEquinox's ghost
  3483 | D:3      | Reached XP level 6. HP: 10/32 MP: 0/11
  3955 | D:4      | Found Lesegaim's Antique Armour Shoppe.
  4475 | D:4      | Reached XP level 7. HP: 14/36 MP: 0/13
  4998 | D:5      | Entered Level 5 of the Dungeon
  5153 | D:5      | Learned a level 4 spell: Petrify
  5182 | D:5      | Noticed Eustachio
  5187 | D:5      | Killed Eustachio
  5188 | D:5      | Reached skill level 5 in Conjurations
  5638 | D:5      | Reached XP level 8. HP: 41/41 MP: 12/15
  5799 | D:6      | Reached skill level 5 in Spellcasting
  6124 | D:6      | Noticed a troll
  6811 | D:6      | Killed a troll
  6812 | D:6      | Reached skill level 1 in Shields
  6812 | D:6      | Reached XP level 9. HP: 45/45 MP: 11/18
  7069 | D:6      | Found a blossoming altar of Fedhas.
  7743 | D:7      | Found Tacvan's Jewellery Shop.
  7902 | D:7      | Noticed a kobold demonologist
  7907 | D:7      | Noticed a smoke demon
  7907 | D:7      | Killed a kobold demonologist
  8395 | D:7      | Found a staircase to the Ecumenical Temple.
  8401 | D:7      | Found Defint's Jewellery Emporium.
  8408 | Temple   | Entered the Ecumenical Temple
  8544 | Temple   | Became a worshipper of Vehumet
  8617 | D:7      | Found Cioxt's Book Emporium.
  9249 | D:8      | Found a sand-covered staircase.
  9257 | Ossuary  | Entered an ossuary
  9329 | Ossuary  | Reached * piety under Vehumet
  9329 | Ossuary  | Offered knowledge of Shock by Vehumet.
  9453 | Ossuary  | Reached skill level 10 in Earth Magic
  9751 | D:7      | Bought a book of the Spheres for 648 gold pieces
  9757 | D:7      | Learned a level 5 spell: Fireball
  9979 | D:8      | Reached XP level 10. HP: 50/50 MP: 5/20
 10219 | D:8      | Reached skill level 1 in Fire Magic
 11111 | D:9      | Noticed a boulder beetle
 11113 | D:9      | Reached ** piety under Vehumet
 11113 | D:9      | Offered knowledge of Poisonous Vapours by Vehumet.
 11345 | D:9      | Noticed a two-headed ogre
 11381 | D:9      | Killed a two-headed ogre
 11601 | D:9      | Found a stormy altar of Qazlal.
 11601 | D:9      | Found a snail-covered altar of Cheibriados.
 11811 | D:9      | Identified the +1 robe "Daluru" {rCorr}
 11967 | D:9      | Found a hide-covered altar of Uskayaw.
 12241 | D:10     | Entered Level 10 of the Dungeon
 12255 | D:10     | Noticed a two-headed ogre
 12263 | D:10     | Killed a two-headed ogre
 12264 | D:10     | Noticed a boulder beetle
 12415 | D:10     | Noticed a cyclops
 12420 | D:10     | Killed a cyclops
 12421 | D:10     | Reached skill level 10 in Conjurations
 12928 | D:10     | Offered knowledge of Conjure Flame by Vehumet.
 13035 | D:10     | Reached XP level 11. HP: 46/54 MP: 22/22
 13238 | D:10     | Found a staircase to the Orcish Mines.
 13492 | D:10     | Found a staircase to the Lair.
 13799 | D:10     | Reached skill level 1 in Evocations
 13956 | D:11     | Reached *** piety under Vehumet
 14070 | D:11     | Noticed a death knight
 14076 | D:11     | Killed a death knight
 14163 | D:11     | Found a runed translucent door.
 14163 | D:11     | Noticed a sixfirhy
 14192 | D:11     | Noticed Nergalle
 14346 | D:11     | Killed Nergalle
 14613 | D:11     | Found a hazy altar of Hepliaklqana.
 14767 | D:11     | Noticed a two-headed ogre
 14772 | D:11     | Killed a two-headed ogre
 14971 | D:11     | Noticed Gastronok
 14987 | D:11     | Killed Gastronok
 15358 | D:12     | Noticed Jorgrun
 15459 | Lair:1   | Entered Level 1 of the Lair of Beasts
 15463 | Lair:1   | Reached skill level 5 in Fire Magic
 15612 | Lair:1   | Found a frozen archway.
 15628 | IceCv    | Entered an ice cave
 15718 | IceCv    | Offered knowledge of Frozen Ramparts by Vehumet.
 15860 | IceCv    | Reached XP level 12. HP: 59/59 MP: 0/24
 16355 | IceCv    | Noticed a death yak
 16362 | IceCv    | Killed a death yak
 16672 | IceCv    | Reached **** piety under Vehumet
 17273 | IceCv    | Noticed an ironbound frostheart
 17496 | IceCv    | Killed an ironbound frostheart
 17618 | IceCv    | Offered knowledge of Sticky Flame by Vehumet.
 17640 | IceCv    | Noticed an ironbound frostheart
 17647 | IceCv    | Killed an ironbound frostheart
 17993 | IceCv    | Noticed a death yak
 17995 | IceCv    | Noticed a death yak
 17996 | IceCv    | Killed a death yak
 18006 | IceCv    | Noticed a death yak
 18009 | IceCv    | Killed a death yak
 18227 | IceCv    | Killed a death yak
 18727 | Lair:1   | You fall into a shaft and drop 1 floor!
 18911 | Lair:2   | Found a staircase to the Shoals.
 19111 | Lair:2   | Reached skill level 5 in Evocations
 19113 | Lair:2   | Reached XP level 13. HP: 63/63 MP: 5/26
 19680 | Lair:2   | You fall into a shaft and drop 2 floors!
 20495 | Lair:3   | Reached ***** piety under Vehumet
 20512 | Lair:3   | Offered knowledge of Starburst by Vehumet.
 20967 | Lair:3   | Reached skill level 10 in Spellcasting
 21157 | Lair:3   | Learned a level 6 spell: Iron Shot
 21165 | Lair:3   | Learned a level 7 spell: Spellforged Servitor
 21311 | Lair:3   | You fall into a shaft and drop 2 floors!
 21327 | Lair:5   | Found a viscous altar of Jiyva.
 22289 | Lair:4   | Found a hole to the Spider Nest.
 23514 | Lair:1   | Noticed Urug
 23516 | Lair:1   | Noticed Erica
 23517 | Lair:1   | Killed Urug
 23530 | Lair:1   | Killed Erica
 23531 | Lair:1   | Reached skill level 15 in Conjurations
 24031 | Lair:5   | Gained mutation: Your large and strong wings let you fly.
                  | [Gargoyle growth]
 24031 | Lair:5   | Reached XP level 14. HP: 68/68 MP: 25/28
 24573 | Lair:5   | Found a staircase to the Slime Pits.
 25323 | Lair:6   | Entered Level 6 of the Lair of Beasts
 26229 | Lair:6   | Offered knowledge of Olgreb's Toxic Radiance by Vehumet.
 26995 | Lair:6   | Reached skill level 15 in Earth Magic
 28560 | D:7      | Bought an amulet of magic regeneration for 330 gold pieces
 29008 | Lair:6   | Learned a level 7 spell: Orb of Destruction
 29662 | D:12     | Found a blossoming altar of Fedhas.
 29815 | D:12     | Killed Jorgrun
 29816 | D:12     | Reached XP level 15. HP: 50/72 MP: 13/31
 29929 | D:12     | You are sucked into a shaft and drop 3 floors!
 29929 | D:15     | Entered Level 15 of the Dungeon
 30076 | D:12     | Found Lanaxt's Distillery.
 30104 | D:12     | Bought a potion of heal wounds for 90 gold pieces
 30104 | D:12     | Bought a potion of curing for 54 gold pieces
 30112 | D:12     | Noticed Psyche
 30115 | D:12     | Killed Psyche
 30167 | D:12     | Offered knowledge of Yara's Violent Unravelling by Vehumet.
 30379 | D:12     | Noticed Azrael
 30775 | D:12     | Killed Azrael
 31273 | D:13     | Reached skill level 1 in Summonings
 31662 | D:14     | Found a shadowy altar of Dithmenos.
 32346 | D:15     | Reached skill level 1 in Fighting
 34020 | D:15     | Found a staircase to the Depths.
 34243 | D:13     | Reached XP level 16. HP: 61/79 MP: 1/33
 34423 | D:13     | Found a white marble altar of Elyvilon.
 34707 | D:13     | Found a gate to the Vaults.
 34842 | Orc:1    | Entered Level 1 of the Orcish Mines
 35161 | Orc:2    | Entered Level 2 of the Orcish Mines
 35356 | Orc:2    | Offered knowledge of Ozocubu's Refrigeration by Vehumet.
 35451 | Orc:2    | Paralysed by an orc sorcerer for 6 turns
 35772 | Orc:2    | Found Hezaorheago's General Store.
 35795 | Orc:2    | Found Meyrchid's Antique Weapon Shoppe.
 35991 | Orc:2    | Found Nuvu's Jewellery Shoppe.
 36095 | Orc:2    | Found Leuhos's Magic Scroll Shoppe.
 36096 | Orc:2    | Found Jidwogex's Antique Armour Shop.
 36182 | Orc:2    | Bought a scroll of teleportation for 39 gold pieces
 36182 | Orc:2    | Bought a scroll of teleportation for 39 gold pieces
 36205 | Orc:2    | Found a staircase to the Elven Halls.
 36583 | Elf:1    | Entered Level 1 of the Elven Halls
 37861 | Elf:1    | HP: 3/80 [deep elf archer/arrow (8)]
 37893 | Elf:1    | Offered knowledge of Freezing Cloud by Vehumet.
 37931 | Elf:1    | Learned a level 5 spell: Irradiate
 39267 | Spider:1 | Entered Level 1 of the Spider Nest
 39555 | Spider:1 | Reached XP level 17. HP: 84/84 MP: 33/35
 39636 | Spider:1 | Noticed Mlioglotl
 39639 | Spider:1 | Killed Mlioglotl
 40756 | Spider:2 | Reached skill level 1 in Transmutations
 41243 | Spider:2 | Reached skill level 15 in Spellcasting
 42229 | Spider:3 | Gained mutation: You sometimes lose the ability to read
                  | scrolls when taking damage. [mutagenic glow]
 42454 | Spider:3 | Offered knowledge of Yara's Violent Unravelling by Vehumet.
 43574 | Spider:4 | Entered Level 4 of the Spider Nest
 43648 | Spider:4 | Noticed Arachne
 43670 | Spider:4 | Killed Arachne
 45003 | Spider:4 | Offered knowledge of Lehudib's Crystal Spear by Vehumet.
 45017 | Spider:4 | Reached XP level 18. HP: 83/91 MP: 7/37
 45428 | Spider:4 | Gained mutation: You are frail. (-10% HP) [mutagenic glow]
 45436 | Spider:4 | HP: 3/81 [death scarab (10)]
 45441 | Spider:4 | Slain by a death scarab

Illustrated notes

Levels and vault maps discovered:
D:1:      lightli_arrival_lavapool, layout_rooms, minmay_misc_feat_tower
D:2:      layout_loops_corners, hellmonk_ecumenical_altar_crossroads,
          minmay_misc_feat_chi, nicolae_wormholes
D:3:      layout_loops_corners, ebering_ghost_sewer_d
D:4:      layout_loops_cross, serial_shops,
          nicolae_shop_temple_entry_statues_fountains, minmay_tree_intersection
D:5:      layout_loops_cross, uniq_eustachio
D:6:      cheibrodos_iron_armory, layout_loops_ring,
          mainiacjoe_overflow_cross_hatched, minmay_misc_feat_tiny,
          minmay_alternating_orb
D:7:      layout_basic, minmay_temple_entry_ruins, serial_shops,
          nicolae_shop_trees, shop_statue, shop
D:8:      layout_basic, nicolae_ossuary_entry_catacombs,
          corexii_leaking_fountain
D:9:      layout_small_grid, nicolae_uskayaw_dance_studio,
          gammafunk_temple_overflow_elements
D:10:     layout_rooms, erik_lair_dragon, orc_0_dummy
D:11:     cheibrodos_shockbox, layout_irregular_city,
          nicolae_hepliaklqana_monster_ancestors, uniq_gastronok, uniq_nergalle
D:12:     layout_basic, serial_shops, nicolae_shop_crystal,
          grunt_decor_one_mirror, fedhas_altar_2, uniq_azrael, uniq_psyche,
          uniq_jorgrun
D:13:     hangedman_cross_stitches, layout_cave_pools, david_vaults_4,
          elyvilon_altar_1
D:14:     layout_cave_pools, nicolae_dithmenos_the_darkroom, lemuel_old_faithful
D:15:     grunt_enter_depths_hoard, layout_rooms, minivault_25
Temple:   mainiacjoe_temple_coin_purse
Lair:1:   layout_chaotic_city, portal_ice_cave_entry_ice_simulacra, uniq_urug,
          uniq_erica
Lair:2:   layout_chaotic_city, minmay_shoals_entry_beasts
Lair:3:   layout_loops_ring, small_statue_intersection, serial_bayou_shore_b
Lair:4:   layout_cave_pods, spider_nest_entry_funnel_web, minmay_holes
Lair:5:   layout_cave_shapes, slime_altar_1, kennysheep_abandoned_house
Lair:6:   hangedman_lair_caniforms_friends, layout_regular_city,
          serial_bayou_shore_b
Spider:1: layout_chambers, uniq_mlioglotl
Spider:2: layout_chambers
Spider:3: layout_chambers, hangedman_spider_tarantella_strand
Spider:4: floodkiller_spider_rune_tomb, uniq_arachne
Orc:1:    layout_diamond_mine, nicolae_alphabet_shops
Orc:2:    grunt_orc_gardens, layout_caves, grunt_orc_garden, grunt_orc_garden,
          grunt_orc_garden, grunt_orc_garden, serial_shops,
          nicolae_shop_hallway_plus, gauntlet_entry_generic, basic_altar
Elf:1:    layout_onion_city, hangedman_elven_crosses_minicolossus
Elf:2:    elven_hall_of_blades_hangedman_original [nicolae_blade_little_rooms],
          layout_gridlike, portal_desolation_entry_nicolae_nacl, basic_altar,
          hangedman_elf_simple_split, uniq_louise

Skill      XL: |  1  2  3  4  5  6  7  8  9 10 11 12 13 14 15 16 17 18 |
---------------+-------------------------------------------------------+-----
Conjurations   | 1 2 3 4 5 7 8 10 12 13 15 16 18 | 18.8
Earth Magic    | 4 5 6 7 8 10 11 12 13 15 16 17 18 | 18.7
Spellcasting   | 3 4 6 7 8 9 10 12 13 14 15 16 | 16.1
Shields        | 1 3 4 |  4.0
Fire Magic     | 3 5 6 7 8 9 |  9.0
Evocations     | 3 5 7 8 |  8.9
Dodging        | 2 3 4 |  4.4
Stealth        | 3 4 |  4.4
Summonings     | 1 |  1.1
Fighting       | 1 2 |  2.5
Transmutations | 1 |  1.2

Action                   |  1- 3 |  4- 6 |  7- 9 | 10-12 | 13-15 | 16-18 || total
-------------------------+-------+-------+-------+-------+-------+-------++-------
Melee: Unarmed           |     7 |       |       |       |       |       ||     7
       Short sword       |     5 |     1 |       |       |       |       ||     6
       Staff             |       |       |    10 |    21 |    13 |     1 ||    45
 Cast: Sandblast         |    48 |    42 |    40 |   116 |   195 |    93 ||   534
       Stone Arrow       |       |    12 |   103 |   214 |    33 |     1 ||   363
       Petrify           |       |       |       |    17 |     1 |       ||    18
       Fireball          |       |       |       |    46 |   132 |   112 ||   290
       Iron Shot         |       |       |       |       |   248 |   267 ||   515
       Orb of Destructio |       |       |       |       |    37 |    17 ||    54
       Spellforged Servi |       |       |       |       |     2 |     1 ||     3
       Irradiate         |       |       |       |       |       |    28 ||    28
Evoke: Box of beasts     |       |       |       |       |     1 |     1 ||     2
       Lightning rod     |       |       |       |       |       |     1 ||     1
  Use: Scroll            |     2 |       |    10 |    17 |    22 |     5 ||    56
       Potion            |       |       |       |     2 |     6 |    10 ||    18
 Stab: Petrified         |       |       |       |    11 |     5 |       ||    16
Armor: Robe              |    16 |    10 |    10 |    80 |   183 |   177 ||   476
Dodge: Dodged            |    26 |    18 |    22 |   116 |   159 |   145 ||   486
Block: Buckler           |       |       |     8 |    70 |   136 |   120 ||   334

Table legend: (Time is in decaauts)
 A = Elapsed time spent in this place.
 B = Non-inter-level travel time spent in this place.
 C = Inter-level travel time spent in this place.
 D = Time resting spent in this place.
 E = Time spent auto-exploring this place.
 F = Levels seen in this place.
 G = Mean time per level.
                   A        B        C        D        E       F      G
               +--------+--------+--------+--------+--------+-----+--------+
         Total |  45550 |  42291 |   3259 |  16796 |  19946 |  32 | 1423.4 |
       Dungeon |  20730 |  18740 |   1990 |   6917 |   9480 |  15 | 1382.0 |
        Temple |    146 |    118 |     28 |      0 |    102 |   1 |  146.0 |
          Lair |  10881 |  10018 |    863 |   4474 |   4310 |   6 | 1813.5 |
   Spider Nest |   6126 |   6042 |     84 |   1577 |   3776 |   4 | 1531.5 |
  Orcish Mines |   1826 |   1679 |    147 |    599 |    781 |   2 |  913.0 |
   Elven Halls |   2413 |   2268 |    145 |   1189 |    811 |   2 | 1206.5 |
       Ossuary |    382 |    382 |      0 |    140 |    126 |   1 |  382.0 |
      Ice Cave |   3043 |   3043 |      0 |   1899 |    559 |   1 | 3043.0 |
               +--------+--------+--------+--------+--------+-----+--------+

Top non-repeatable levels by time:
   IceCv: 3043 daAuts
  Lair:6: 2912 daAuts
   Elf:1: 2407 daAuts
  Lair:4: 2304 daAuts
    D:10: 2096 daAuts
Spider:4: 1885 daAuts
    D:15: 1802 daAuts
  Lair:3: 1757 daAuts
  Lair:5: 1681 daAuts
     D:8: 1676 daAuts
     D:2: 1531 daAuts
Spider:3: 1529 daAuts
    D:11: 1450 daAuts
     D:6: 1439 daAuts
     D:7: 1438 daAuts
